Map: Alcyone LE

Players

commandeR

  • Race: Protoss Protoss
  • League: Diamond
  • Spawn Location: 1:00

电脑难度(新手) - Winner!

  • Race: Protoss Protoss
  • Spawn Location: 7:00

VOD

Have the link to the VOD?

Description

Time

  • Played on: Oct. 5, 2024, 7:30 a.m.
  • Length: 3:06
Show
View Real Time Build Order
Export as new Build Order

commandeR Protoss 

Build Orders:  

Get SALT Encoding   

  12  0:02  Probe  
  13  0:14  Probe  
  14  0:20  Pylon  
  14  0:26  Probe  
  15  0:38  Probe (Chrono Boost)  
  15  0:42  Gateway  
  17  0:50  Probe (Chrono Boost), Assimilator  
  17  0:56  Assimilator  
  17  0:57  Probe (Chrono Boost)  
  18  1:06  Probe  
  19  1:19  Probe  
  20  1:27  Gateway  
  20  1:33  Cybernetics Core  
  20  1:35  Forge  
  20  1:40  Pylon  
  20  1:42  Probe  
  22  1:54  Probe  
  22  2:02  Gateway  
  22  2:08  Photon Cannon  
  22  2:14  Stalker (Chrono Boost)  
  24  2:19  Stalker (Chrono Boost)  
Show
View Real Time Build Order
Export as new Build Order

电脑难度(新手) Protoss - Winner!

Build Orders:  

Get SALT Encoding   

  12  0:00  Probe  
  13  0:13  Probe  
  14  0:19  Pylon  
  14  0:36  Assimilator  
  14  0:42  Gateway  
  14  0:45  Pylon  
  14  1:13  Assimilator  
  14  1:17  Probe  
  14  1:25  Probe  
  16  1:32  Cybernetics Core  
  16  1:33  Probe  
  17  1:43  Probe  
  18  1:55  Probe  
  19  2:03  Probe  
  20  2:10  Stalker  
Tags
 
League
Diamond
Matchup
PvP
Spawn Locations
Cross Positions
Add a new tag
Caveats
  • Supply blocks, unpowered buildings, or Contaminate may cause inaccurate times.
  • Supply counts are checked every 10 seconds.